 Dungeon Crawl Stone Soup version 0.31-a0-182-gc5ef74bbde (webtiles) character file.

Game seed: 258583470177073949

10191 qw the Cleaver (level 11, -1/71 HPs)
             Began as a Gargoyle Fighter on June 21, 2023.
             Was a Priest of Okawaru.
             Killed by divine providence
             ... invoked by an orc priest
              (12 damage)
             ... on level 11 of the Dungeon.
             The game lasted 00:05:58 (11224 turns).

qw the Cleaver (Gargoyle Fighter)                  Turns: 11224, Time: 00:05:59

Health: -1/71      AC: 31    Str: 23      XL:     11   Next: 58%
Magic:  13/14      EV:  9    Int:  7 (10) God:    Okawaru [***...]
Gold:   505        SH:  6    Dex:  9      Spells: 10/10 levels left

rFire   . . .        Y - +2 war axe (freeze)
rCold   . . .        c - +0 buckler
rNeg    + . .        j - +0 plate armour
rPois   inf          m - +0 helmet
rElec   +            u - +0 cloak
rCorr   +            p - +1 pair of gloves
SInv    .            o - +0 pair of boots
Will    .....        (no amulet) Stlth
                     f - ring of resist corrosion
HPRegen 0.00/turn    (no ring)
MPRegen 0.14/turn

%: no passive effects
@: about to teleport, heroic, inhibited regen
A: sickness immunity, AC +8, negative energy resistance 1, electricity
resistance, torment resistance 1, petrification resistance, inhibited
regeneration
a: Renounce Religion, Heroism


You were on level 11 of the Dungeon.
You worshipped Okawaru.
Okawaru was most pleased with you.
You visited 2 branches of the dungeon, and saw 12 of its levels.

You collected 559 gold pieces.
You spent 54 gold pieces at shops.


Innate Abilities, Weirdness & Mutations

You are immune to sickness and miasma.
Your stone body is resilient. (AC +8)
You are immune to poison.
You resist negative energy. (rN+)
You are resistant to electric shocks. (rElec)
You are resistant to unholy torment.
You are immune to petrification.
You do not regenerate when monsters are visible.


   Skills:
 - Level 9.4(14.4) Fighting
 + Level 11.6(16.6) Axes
 - Level 1.5(6.5) Throwing
 - Level 9.0(14.0) Armour
 - Level 2.3(7.3) Dodging
 - Level 5.3(10.3) Shields
 - Level 4.0 Invocations


You had 10 spell levels left.
You didn't know any spells.
Your spell library was empty.

Inventory:

Hand Weapons
 s - a +1 morningstar of protection
 Y - a +2 war axe of freezing (weapon)
Missiles
 r - 3 boomerangs (quivered)
Armour
 b - the +0 robe of the Vaults {rCorr Dex+2}
   (You found it on level 2 of the Dungeon)

   Dex:       It affects your dexterity (+2).
   rCorr:     It protects you from acid and corrosion.
 c - a +0 buckler (worn)
 j - a +0 plate armour (worn)
 k - the scarf of a Billion Shrikes {harm, rElec rF+ rCorr Int-5}
   (You acquired it on level 2 of the Dungeon)

   Int:       It affects your intelligence (-5).
   rF:        It protects you from fire.
   rElec:     It insulates you from electricity.
   rCorr:     It protects you from acid and corrosion.
 m - a +0 helmet (worn)
 o - a +0 pair of boots (worn)
 p - a +1 pair of gloves (worn)
 u - a +0 cloak (worn)
Jewellery
 f - a ring of resist corrosion (left hand)
Scrolls
 a - a scroll of identify
 q - 6 scrolls of teleportation
Potions
 d - a potion of might
 e - 2 potions of magic
 g - 4 potions of haste
 h - a potion of cancellation
 i - a potion of enlightenment
 n - 2 potions of lignification
 t - a potion of attraction
 v - a potion of mutation {unknown}
 w - 3 potions of curing

Dungeon Overview and Level Annotations

Branches:
Dungeon (11/15)            Temple (1/1) D:4
   Lair: D:8-11         Orc: D:9-12

Altars:
Ashenzari
Cheibriados
Dithmenos
Elyvilon
Fedhas
Gozag
Hepliaklqana
Kikubaaqudgha
Makhleb
Nemelex Xobeh
Okawaru
Qazlal
Ru
Sif Muna
Trog
Uskayaw
Vehumet
Wu Jian
Xom
Yredelemnul
Zin
The Shining One

Shops:
D:1 =   D:2 :   D:5 *   D:6 (   D:8 ?[(   D:9 :

Annotations:
D:2 Natasha
D:3 3 runed translucent doors, qw's ghost, amateur GrFi
D:8 exclusions: 3 lava snakes, 7 orcs and 2 orc wizards
D:10 3 runed translucent doors, qw's ghost, novice GrHu


Message History

You slash the cyclops! You freeze the cyclops.
You hit the cyclops but do no damage. The cyclops barely misses you.
You hit the cyclops but do no damage.
The cyclops is heavily wounded.
You hit the cyclops but do no damage. You hit the cyclops.
You freeze the cyclops.
Your surroundings suddenly seem different.
An orc comes into view. It is wielding a +0 dagger.
The orc shouts!
Enter note:
Enter note:
Enter note:
Enter note:
11216 ||| FLEEEEING.
Enter note:
Enter note:
Enter note:
Enter note:
11217 ||| FLEEEEING.
11218 ||| FLEEEEING.
An orc comes into view. It is wielding a +0 club.
The orc shouts!
11219 ||| FLEEEEING.
11220 ||| READING 7 scrolls of teleportation.
As you read the scroll of teleportation, it crumbles to dust.
You feel strangely unstable.
You barely miss the orc.
An orc priest comes into view. It is wielding a +0 trident of venom.
You slash the orc! You freeze the orc.
You kill the orc!
Okawaru accepts your kill.
You slice the orc!! You freeze the orc.
You kill the orc!
Okawaru accepts your kill.
An orc comes into view. It is wielding a +0 club.
The orc shouts!
The orc priest calls down the wrath of Beogh upon you.
Beogh smites you!
You die...

........## .. '.
.....(..##### ... #.
+............. ....#.
............. ....#'####
#..####......
#........###..#...%.....
#......).+....#.......##
#......).#.<..#.......#
#......@.#....').....##
#........######))....#
#.............))....##
'.o.................#
.##########o.).....##
#))......##
.'.........##..
...#.........##..
#'#####'##......##.


You could see an orc priest and an orc.

Vanquished Creatures
  A two-headed ogre (D:10)
  An ugly thing (D:11)
  A manticore (D:9)
  A rust devil (D:11)
  2 kobold demonologists (D:10)
  A komodo dragon (D:10)
  A hellwing (D:11)
  A shadow (D:8)
  12 yaks (D:9)
  2 wyverns
  2 neqoxecs (D:11)
  3 vampire mosquitoes (D:10)
  2 steam dragons (D:8)
  Menkaure (D:5)
  2 water moccasins
  A swamp drake (shapeshifter) (D:8)
  2 black bears
  5 orc warriors
  2 ogres
  2 sky beasts
  3 centaurs
  2 kobold brigands
  A gnoll sergeant (D:8)
  A bullfrog (D:6)
  2 scorpions
  7 wights
  18 killer bees
  5 howler monkeys
  5 orc priests
  A hound (D:5)
  A jelly (D:6)
  Jessica (D:2)
  A sleepcap (D:5)
  7 iguanas
  9 orc wizards
  Robin (D:2)
  11 gnolls
  2 adders
  A shadow imp (D:5)
  2 ufetubi
  7 worms
  5 dart slugs
  60 orcs
  7 bats
  8 endoplasms
  3 giant cockroaches
  17 goblins
  12 hobgoblins
  6 jackals
  4 quokkas
  3 ball pythons
  3 frilled lizards
  15 kobolds
  7 rats
283 creatures vanquished.

Notes
Turn   | Place    | Note
-------+----------+-------------------------------------------
     0 | D:1      | qw the Gargoyle Fighter began the quest for the Orb.
     0 | D:1      | Reached XP level 1. HP: 14/14 MP: 1/1
     0 | D:1      | 0 ||| qw: Version: 0.3-a-9-g12657ce
     0 | D:1      | 0 ||| qw: Game counter: 1589
     0 | D:1      | 0 ||| qw: Always use a shield: true
     0 | D:1      | 0 ||| qw: God list: Okawaru
     0 | D:1      | 0 ||| qw: Allow faded altars: false
     0 | D:1      | 0 ||| qw: Do Orc after D:15 true
     0 | D:1      | 0 ||| qw: Do second Lair branch before Depths: true
     0 | D:1      | 0 ||| qw: Lair rune preference: random
     0 | D:1      | 0 ||| qw: Plans: Normal, Zot:1-4, Slime:5, God:TSO, Crypt,
                  | Tomb, Abyss, Pan, Hells, Win
     0 | D:1      | 0 ||| PLANNING D:1-11
    17 | D:1      | 17 ||| Stepping ~*~*~tactically~*~*~ (hiding).
   133 | D:1      | Reached skill level 2 in Axes
   247 | D:1      | 247 ||| Stepping ~*~*~tactically~*~*~ (stealth).
   250 | D:1      | 250 ||| Stepping ~*~*~tactically~*~*~ (stealth).
   297 | D:1      | Reached XP level 2. HP: 19/19 MP: 2/2
   315 | D:1      | 315 ||| Stepping ~*~*~tactically~*~*~ (hiding).
   550 | D:1      | Found Opag's Jewellery Boutique.
   555 | D:1      | 555 ||| SHOPLISTING ring "Hinad" {Will+ Str+6} (583 gold,
                  | have 23).
   555 | D:1      | 555 ||| SHOPLISTING ring of ice (300 gold, have 23).
   555 | D:1      | 555 ||| SHOPLISTING ring of protection from cold (300 gold,
                  | have 23).
   555 | D:1      | 555 ||| SHOPLISTING ring of protection from fire (300 gold,
                  | have 23).
   555 | D:1      | 555 ||| SHOPLISTING ring of see invisible (180 gold, have
                  | 23).
   649 | D:1      | 649 ||| UPGRADING to +0 chain mail.
   659 | D:1      | 659 ||| DROPPING +0 scale mail.
   660 | D:1      | 660 ||| UPGRADING to +0 pair of gloves.
   665 | D:1      | 665 ||| READING scroll labelled XEECKA JIXIGRUM.
   666 | D:1      | 666 ||| READING scroll labelled GYAL PIVUVE.
   667 | D:1      | 667 ||| READING scroll labelled DUNIPHI PADA.
   668 | D:1      | 668 ||| READING scroll labelled MAYNNURGHIPRU.
   669 | D:1      | 669 ||| READING 2 scrolls labelled WOESSO LA GEA.
   741 | D:2      | Reached skill level 3 in Axes
   744 | D:2      | 744 ||| Stepping ~*~*~tactically~*~*~ (hiding).
   753 | D:2      | Reached XP level 3. HP: 23/23 MP: 3/3
   891 | D:2      | 891 ||| Stepping ~*~*~tactically~*~*~ (stealth).
  1000 | D:2      | Identified the +0 robe of the Vaults {rCorr Dex+2}
  1032 | D:2      | 1032 ||| Stepping ~*~*~tactically~*~*~ (stealth).
  1033 | D:2      | 1033 ||| Stepping ~*~*~tactically~*~*~ (stealth).
  1125 | D:2      | 1125 ||| Stepping ~*~*~tactically~*~*~ (stealth).
  1144 | D:2      | Noticed Jessica
  1152 | D:2      | Killed Jessica
  1153 | D:2      | Reached skill level 4 in Axes
  1153 | D:2      | Reached XP level 4. HP: 28/28 MP: 4/4
  1181 | D:2      | Found Qemia's Book Shoppe.
  1345 | D:2      | 1345 ||| Stepping ~*~*~tactically~*~*~ (stealth).
  1346 | D:2      | 1346 ||| Stepping ~*~*~tactically~*~*~ (stealth).
  1353 | D:2      | Reached XP level 5. HP: 27/32 MP: 5/5
  1357 | D:2      | 1357 ||| FLEEEEING.
  1358 | D:2      | 1358 ||| FLEEEEING.
  1448 | D:2      | 1448 ||| Stepping ~*~*~tactically~*~*~ (hiding).
  1601 | D:2      | Noticed Robin
  1612 | D:2      | Killed Robin
  1613 | D:2      | Reached skill level 5 in Axes
  1686 | D:2      | 1686 ||| UPGRADING to +0 helmet.
  1691 | D:2      | 1691 ||| READING scroll labelled GAD ZUSHUL.
  1691 | D:2      | Identified a scroll of acquirement
  1691 | D:2      | 1691 ||| ACQUIRING scarf of a Billion Shrikes {harm, rElec
                  | rF+ rCorr Int-5}
  1691 | D:2      | Acquired the scarf of a Billion Shrikes {harm, rElec rF+
                  | rCorr Int-5}
  1693 | D:2      | 1693 ||| DRINKING 2 brown potions.
  1716 | D:2      | Noticed Natasha
  1888 | D:3      | 1888 ||| Stepping ~*~*~tactically~*~*~ (stealth).
  1894 | D:3      | 1894 ||| Stepping ~*~*~tactically~*~*~ (stealth).
  1896 | D:3      | 1896 ||| Stepping ~*~*~tactically~*~*~ (stealth).
  1929 | D:3      | 1929 ||| Stepping ~*~*~tactically~*~*~ (stealth).
  2056 | D:3      | Found a runed translucent gate.
  2056 | D:3      | Noticed qw's ghost (amateur GrFi)
  2057 | D:3      | Found a runed translucent gate.
  2058 | D:3      | Found a runed translucent gate.
  2074 | D:3      | 2074 ||| Stepping ~*~*~tactically~*~*~ (hiding).
  2098 | D:3      | 2098 ||| Stepping ~*~*~tactically~*~*~ (stealth).
  2102 | D:3      | 2102 ||| Stepping ~*~*~tactically~*~*~ (stealth).
  2115 | D:3      | 2115 ||| Stepping ~*~*~tactically~*~*~ (hiding).
  2126 | D:3      | 2126 ||| Stepping ~*~*~tactically~*~*~ (stealth).
  2127 | D:3      | 2127 ||| Stepping ~*~*~tactically~*~*~ (stealth).
  2128 | D:3      | 2128 ||| Stepping ~*~*~tactically~*~*~ (stealth).
  2132 | D:3      | 2132 ||| DROPPING +0 whip.
  2182 | D:3      | 2182 ||| Stepping ~*~*~tactically~*~*~ (stealth).
  2193 | D:3      | 2193 ||| Stepping ~*~*~tactically~*~*~ (stealth).
  2599 | D:3      | 2599 ||| DROPPING scarf of harm.
  2600 | D:3      | 2600 ||| DRINKING 2 metallic yellow potions.
  2799 | D:4      | Reached XP level 6. HP: 38/38 MP: 6/6
  2859 | D:4      | Found a staircase to the Ecumenical Temple.
  2860 | D:4      | 2860 ||| PLANNING TEMPLE
  2868 | Temple   | Entered the Ecumenical Temple
  2914 | Temple   | 2914 ||| PLANNING OKAWARU WORSHIP
  2985 | Temple   | Became a worshipper of Warmaster Okawaru
  2986 | Temple   | 2986 ||| PLANNING D:1-11
  3057 | D:4      | Found a hazy altar of Hepliaklqana.
  3058 | D:4      | Found a white marble altar of Elyvilon.
  3060 | D:4      | Found a basalt altar of Yredelemnul.
  3240 | D:4      | 3240 ||| Stepping ~*~*~tactically~*~*~ (stealth).
  3433 | D:4      | 3433 ||| DRINKING potion of curing.
  3433 | D:4      | 3433 ||| (to cure confusion)
  3447 | D:4      | Found a shimmering blue altar of Sif Muna.
  3560 | D:4      | Noticed a black bear
  3561 | D:4      | 3561 ||| Stepping ~*~*~tactically~*~*~ (stealth).
  3573 | D:4      | Killed a black bear
  3574 | D:4      | Reached skill level 6 in Axes
  3771 | D:4      | 3771 ||| DROPPING ring of flight.
  3798 | D:5      | Entered Level 5 of the Dungeon
  3842 | D:5      | Noticed Menkaure
  3854 | D:5      | Killed Menkaure
  3854 | D:5      | Reached * piety under Okawaru
  3855 | D:5      | Reached XP level 7. HP: 20/43 MP: 7/7
  3978 | D:5      | Reached skill level 1 in Invocations
  4038 | D:5      | 4038 ||| INVOKING Heroism.
  4039 | D:5      | 4039 ||| INVOKING Heroism.
  4084 | D:5      | Reached skill level 3 in Invocations
  4093 | D:5      | Found Ateimm's Neck Hole.
  4096 | D:5      | 4096 ||| Stepping ~*~*~tactically~*~*~ (stealth).
  4112 | D:5      | 4112 ||| Stepping ~*~*~tactically~*~*~ (stealth).
  4136 | D:5      | 4136 ||| BUYING +0 cloak (54 gold).
  4136 | D:5      | Bought a +0 cloak for 54 gold pieces
  4136 | D:5      | 4136 ||| SHOPLISTING amulet of faith (480 gold, have 229).
  4136 | D:5      | 4136 ||| SHOPLISTING amulet of reflection (360 gold, have
                  | 229).
  4136 | D:5      | 4136 ||| SHOPLISTING amulet of the acrobat (360 gold, have
                  | 229).
  4277 | D:5      | Reached XP level 8. HP: 48/48 MP: 10/10
  4403 | D:5      | 4403 ||| INVOKING Heroism.
  4490 | D:5      | 4490 ||| UPGRADING to +0 cloak.
  4495 | D:5      | 4495 ||| DROPPING amulet of magic regeneration.
  4496 | D:5      | 4496 ||| READING scroll labelled FEOBLEC GUVE.
  4497 | D:5      | 4497 ||| DRINKING 2 glowing pink potions.
  4498 | D:5      | 4498 ||| DRINKING 2 coppery potions.
  4499 | D:5      | 4499 ||| READING 2 scrolls of identify.
  4499 | D:5      | 4499 ||| IDENTIFYING glowing silvery potion
  4561 | D:6      | 4561 ||| Stepping ~*~*~tactically~*~*~ (hiding).
  4566 | D:6      | 4566 ||| INVOKING Heroism.
  4575 | D:6      | Reached skill level 7 in Axes
  4599 | D:6      | 4599 ||| Stepping ~*~*~tactically~*~*~ (hiding).
  4605 | D:6      | 4605 ||| Stepping ~*~*~tactically~*~*~ (stealth).
  4646 | D:6      | 4646 ||| Stepping ~*~*~tactically~*~*~ (hiding).
  4687 | D:6      | 4687 ||| INVOKING Heroism.
  4785 | D:6      | 4785 ||| INVOKING Heroism.
  4805 | D:6      | 4805 ||| INVOKING Heroism.
  4955 | D:6      | 4955 ||| Stepping ~*~*~tactically~*~*~ (stealth).
  4956 | D:6      | 4956 ||| Stepping ~*~*~tactically~*~*~ (stealth).
  4966 | D:6      | Reached skill level 1 in Throwing
  5150 | D:6      | 5150 ||| INVOKING Heroism.
  5330 | D:6      | Reached skill level 8 in Axes
  5423 | D:6      | Found Qopalun's Hydra Hut.
  5425 | D:6      | Noticed a five-headed hydra
  5635 | D:6      | 5635 ||| READING scroll of enchant armour.
  5635 | D:6      | 5635 ||| ENCHANTING +0 pair of gloves.
  5657 | D:6      | 5657 ||| Stepping ~*~*~tactically~*~*~ (hiding).
  5916 | D:6      | 5916 ||| DROPPING +6 ring of intelligence.
  5917 | D:6      | 5917 ||| READING scroll labelled WEYFOYR XICA.
  5918 | D:6      | 5918 ||| READING scroll labelled TIYDOF PETIFYTT.
  5919 | D:6      | 5919 ||| READING scroll labelled METODO EHAPS.
  5920 | D:6      | 5920 ||| READING 2 scrolls of identify.
  5920 | D:6      | 5920 ||| IDENTIFYING fizzy orange potion
  5921 | D:6      | 5921 ||| DROPPING potion of ambrosia.
  5970 | D:7      | 5970 ||| Stepping ~*~*~tactically~*~*~ (hiding).
  5976 | D:7      | Reached XP level 9. HP: 52/55 MP: 12/12
  6041 | D:7      | 6041 ||| INVOKING Heroism.
  6049 | D:7      | Reached skill level 6 in Fighting
  6057 | D:7      | Found a blossoming altar of Fedhas.
  6519 | D:7      | 6519 ||| Stepping ~*~*~tactically~*~*~ (stealth).
  6520 | D:7      | 6520 ||| Stepping ~*~*~tactically~*~*~ (stealth).
  6650 | D:7      | 6650 ||| READING scroll labelled HAJUOH KYSIO.
  6695 | D:8      | 6695 ||| Stepping ~*~*~tactically~*~*~ (cloud).
  6698 | D:8      | 6698 ||| INVOKING Heroism.
  6709 | D:8      | 6709 ||| Stepping ~*~*~tactically~*~*~ (cloud).
  6856 | D:8      | 6856 ||| Stepping ~*~*~tactically~*~*~ (stealth).
  6866 | D:8      | 6866 ||| INVOKING Heroism.
  6875 | D:8      | Reached skill level 9 in Axes
  6878 | D:8      | 6878 ||| DRINKING 3 potions of curing.
  6878 | D:8      | 6878 ||| (to cure confusion)
  6881 | D:8      | 6881 ||| INVOKING Heroism.
  7104 | D:8      | 7104 ||| FLEEEEING.
  7105 | D:8      | 7105 ||| FLEEEEING.
  7106 | D:8      | 7106 ||| FLEEEEING.
  7107 | D:8      | 7107 ||| FLEEEEING.
  7108 | D:8      | 7108 ||| FLEEEEING.
  7109 | D:8      | 7109 ||| FLEEEEING.
  7110 | D:8      | 7110 ||| FLEEEEING.
  7111 | D:8      | 7111 ||| FLEEEEING.
  7112 | D:8      | 7112 ||| FLEEEEING.
  7113 | D:8      | 7113 ||| FLEEEEING.
  7176 | D:8      | 7176 ||| Stepping ~*~*~tactically~*~*~ (hiding).
  7177 | D:8      | 7177 ||| UPGRADING to ring of resist corrosion.
  7178 | D:8      | 7178 ||| DRINKING 2 grey potions.
  7180 | D:8      | 7180 ||| INVOKING Heroism.
  7187 | D:8      | 7187 ||| Stepping ~*~*~tactically~*~*~ (cloud).
  7188 | D:8      | 7188 ||| DRINKING 2 yellow potions.
  7190 | D:8      | 7190 ||| DROPPING potion of brilliance.
  7197 | D:8      | 7197 ||| INVOKING Heroism.
  7253 | D:8      | 7253 ||| FLEEEEING.
  7370 | D:8      | Found Xyxeurr's Magic Scroll Shoppe.
  7372 | D:8      | Found Kodemiupea's Armour Emporium.
  7372 | D:8      | Found Tagirrisiw's Antique Weapon Shop.
  7375 | D:8      | 7375 ||| READING scroll labelled XIZEYRPH QEESCH.
  7895 | D:8      | 7895 ||| DROPPING ring of magical power.
  8422 | D:9      | 8422 ||| STAIRDANCE
  8465 | D:9      | 8465 ||| INVOKING Heroism.
  8476 | D:9      | Reached XP level 10. HP: 29/63 MP: 11/13
  8625 | D:8      | 8625 ||| Stepping ~*~*~tactically~*~*~ (hiding).
  8629 | D:8      | 8629 ||| INVOKING Heroism.
  8776 | D:8      | 8776 ||| Stepping ~*~*~tactically~*~*~ (hiding).
  8787 | D:8      | 8787 ||| Stepping ~*~*~tactically~*~*~ (stealth).
  8849 | D:8      | 8849 ||| READING scroll of enchant weapon.
  8849 | D:8      | 8849 ||| ENCHANTING +1 war axe of freezing.
  8898 | D:9      | 8898 ||| Stepping ~*~*~tactically~*~*~ (stealth).
  8906 | D:9      | Reached skill level 10 in Axes
  8907 | D:9      | 8907 ||| INVOKING Heroism.
  8910 | D:9      | 8910 ||| Stepping ~*~*~tactically~*~*~ (hiding).
  8911 | D:9      | HP: 14/63 [howler monkey (5)]
  8912 | D:9      | 8912 ||| READING 7 scrolls of teleportation.
  8913 | D:9      | 8913 ||| DRINKING potion of heal wounds.
  8917 | D:9      | Reached skill level 6 in Armour
  9057 | D:9      | Found Telul's Self-Improvement Boutique.
  9100 | D:9      | 9100 ||| INVOKING Heroism.
  9106 | D:9      | Reached ** piety under Okawaru
  9118 | D:9      | HP: 14/64 [yak (9)]
  9119 | D:9      | 9119 ||| READING 6 scrolls of teleportation.
  9174 | D:9      | 9174 ||| INVOKING Heroism.
  9176 | D:9      | 9176 ||| Stepping ~*~*~tactically~*~*~ (hiding).
  9329 | D:9      | 9329 ||| INVOKING Heroism.
  9459 | D:9      | 9459 ||| INVOKING Heroism.
  9465 | D:9      | Reached skill level 11 in Axes
  9554 | D:9      | 9554 ||| Stepping ~*~*~tactically~*~*~ (stealth).
  9556 | D:9      | 9556 ||| Stepping ~*~*~tactically~*~*~ (hiding).
  9560 | D:9      | 9560 ||| INVOKING Heroism.
  9576 | D:9      | 9576 ||| INVOKING Heroism.
  9677 | D:9      | 9677 ||| Stepping ~*~*~tactically~*~*~ (stealth).
  9696 | D:9      | 9696 ||| Stepping ~*~*~tactically~*~*~ (stealth).
  9708 | D:9      | 9708 ||| INVOKING Heroism.
  9750 | D:9      | 9750 ||| FLEEEEING.
  9751 | D:9      | 9751 ||| FLEEEEING.
  9787 | D:9      | Found a snail-covered altar of Cheibriados.
  9796 | D:9      | Found a shadowy altar of Dithmenos.
  9963 | D:9      | Noticed a manticore
  9964 | D:9      | 9964 ||| INVOKING Heroism.
  9972 | D:9      | Killed a manticore
  9973 | D:9      | Reached skill level 9 in Fighting
  9973 | D:9      | Reached XP level 11. HP: 66/71 MP: 12/14
 10017 | D:9      | 10017 ||| UPGRADING to +0 plate armour.
 10027 | D:9      | 10027 ||| DROPPING +0 chain mail.
 10028 | D:9      | 10028 ||| DROPPING +2 robe of resistance.
 10029 | D:9      | 10029 ||| DRINKING 2 purple potions.
 10030 | D:9      | 10030 ||| READING 2 scrolls of identify.
 10030 | D:9      | 10030 ||| IDENTIFYING black potion
 10050 | D:10     | Entered Level 10 of the Dungeon
 10079 | D:10     | Noticed a soul eater
 10085 | D:10     | Reached *** piety under Okawaru
 10120 | D:10     | Noticed a two-headed ogre
 10121 | D:10     | 10121 ||| INVOKING Heroism.
 10131 | D:10     | Killed a two-headed ogre
 10230 | D:10     | 10230 ||| INVOKING Heroism.
 10387 | D:10     | 10387 ||| Stepping ~*~*~tactically~*~*~ (hiding).
 10393 | D:10     | 10393 ||| INVOKING Heroism.
 10467 | D:10     | 10467 ||| Stepping ~*~*~tactically~*~*~ (stealth).
 10470 | D:10     | 10470 ||| INVOKING Heroism.
 10612 | D:10     | Found a runed translucent gate.
 10612 | D:10     | Found a runed translucent gate.
 10612 | D:10     | Found a runed translucent gate.
 10613 | D:10     | Found an opulent altar of Gozag.
 10613 | D:10     | Noticed a wizard
 10614 | D:10     | Noticed an obsidian statue
 10614 | D:10     | Noticed a centaur warrior
 10615 | D:10     | Noticed qw's ghost (novice GrHu)
 10664 | D:10     | Found an ornate altar of the Wu Jian Council.
 10810 | D:10     | 10810 ||| UPGRADING to +0 pair of boots.
 10815 | D:10     | 10815 ||| READING scroll labelled UXAIGIA FEFY.
 10862 | D:10     | a cane toad changed into a fire crab
 10862 | D:10     | Noticed a fire crab (shapeshifter)
 10864 | D:10     | a fire crab changed into a raiju
 10890 | D:11     | 10890 ||| Stepping ~*~*~tactically~*~*~ (stealth).
 10892 | D:11     | 10892 ||| Stepping ~*~*~tactically~*~*~ (stealth).
 10896 | D:11     | Gained mutation: You do not regenerate when monsters are
                  | visible. [a neqoxec]
 10911 | D:11     | 10911 ||| INVOKING Heroism.
 11093 | D:11     | 11093 ||| Stepping ~*~*~tactically~*~*~ (stealth).
 11094 | D:11     | 11094 ||| Stepping ~*~*~tactically~*~*~ (stealth).
 11097 | D:11     | 11097 ||| Stepping ~*~*~tactically~*~*~ (hiding).
 11098 | D:11     | 11098 ||| Stepping ~*~*~tactically~*~*~ (hiding).
 11140 | D:11     | 11140 ||| Stepping ~*~*~tactically~*~*~ (stealth).
 11181 | D:11     | Noticed a white ugly thing
 11182 | D:11     | 11182 ||| INVOKING Heroism.
 11202 | D:11     | HP: 16/71 [white ugly thing (32)]
 11203 | D:11     | 11203 ||| READING 9 scrolls of teleportation.
 11204 | D:11     | Killed a white ugly thing
 11205 | D:11     | Reached skill level 9 in Armour
 11209 | D:11     | Noticed a cyclops
 11209 | D:11     | Noticed a cyclops
 11209 | D:11     | Noticed a cyclops
 11209 | D:11     | Noticed a cyclops
 11209 | D:11     | Noticed a cyclops
 11210 | D:11     | 11210 ||| READING 8 scrolls of teleportation.
 11211 | D:11     | 11211 ||| INVOKING Heroism.
 11212 | D:11     | HP: 11/71 [cyclops (5)]
 11216 | D:11     | 11216 ||| FLEEEEING.
 11217 | D:11     | 11217 ||| FLEEEEING.
 11218 | D:11     | 11218 ||| FLEEEEING.
 11219 | D:11     | 11219 ||| FLEEEEING.
 11220 | D:11     | 11220 ||| READING 7 scrolls of teleportation.
 11224 | D:11     | Killed from afar by an orc priest

Levels and vault maps discovered:
D:1:      roderic_chinese_lattice_arrival, layout_rooms, serial_shops,
          nicolae_shop_trees
D:2:      minmay_angry_zag, layout_rooms, serial_shops,
          nicolae_shop_back_alley_shop, uniq_jessica, uniq_robin, uniq_natasha,
          uniq_crazy_yiuf_cottage
D:3:      layout_basic, gammafunk_ghost_split, minmay_joined_circles
D:4:      layout_cave_pods, grunt_temple_overflow_open, tgw_sif, temple_hall,
          grunt_tough_drop
D:5:      layout_basic, dk_noncrumbling_4, nicolae_shop_sticking_my_neck_out,
          uniq_menkaure
D:6:      layout_loops_ring, serial_co_window_serial, co_window_paths_a,
          co_window_of_opportunity_a, co_window_corner_a, co_window_paths_a,
          co_window_corner_a, co_window_unsneaky_path_d, co_window_corner_ca,
          co_window_corner_ca, co_window_corner_ca, co_window_corner_cb,
          co_window_2corner, co_window_2corner, glass_columns_a,
          glass_columns_a, doesnt_shop_hydraphobe
D:7:      layout_loops_ring, mainiacjoe_overflow_boulevard
D:8:      layout_basic, nicolae_wooded_promenade, kennysheep_island_fort
D:9:      layout_gridville, mainiacjoe_overflow_swirl,
          dreamdust_mushroom_princess, nicolae_shop_self_help
D:10:     layout_roguey, nicolae_wu_jian_immortal_techniques,
          ebering_ghost_gozag
D:11:     giant_chief_lemuel, layout_gridville, dpeg_lair_monsters,
          hiddenorc2_lemuel, serial_demonic, serial_demonic_d, serial_demonic_a,
          serial_demonic_f, serial_demonic_a, nicolae_two_hexagons
Temple:   nicolae_temple_superstar

Skill      XL: |  1  2  3  4  5  6  7  8  9 10 11 |
---------------+----------------------------------+-----
Axes           | 2 3 4 5 6 8 9 11 | 11.6
Fighting       | 4 5 7 9 |  9.4
Dodging        | 2 |  2.3
Invocations    | 3 4 |  4.0
Armour         | 4 5 6 9 |  9.0
Throwing       | 1 |  1.5
Shields        | 4 5 |  5.3

Action                     |  1- 3 |  4- 6 |  7- 9 | 10-12 || total
---------------------------+-------+-------+-------+-------++-------
  Melee: War axe           |   120 |   173 |   275 |   271 ||   839
  Throw: Boomerang         |       |   111 |    38 |    21 ||   170
 Invoke: Heroism           |       |       |    14 |    17 ||    31
    Use: Scroll            |     5 |     1 |     9 |     8 ||    23
         Potion            |       |     3 |     5 |     2 ||    10
 Armour: Scale mail        |    29 |       |       |       ||    29
         Chain mail        |    38 |   108 |   159 |   105 ||   410
         Plate armour      |       |       |       |    67 ||    67
  Dodge: Dodged            |    37 |    64 |   103 |   128 ||   332
  Block: Buckler           |    17 |    35 |    57 |    71 ||   180

Table legend:
 A = Non-vault XP
 B = Vault XP
 C = Vault XP percentage of total XP
 D = Non-vault monster count
 E = Vault monster count
 F = Vault count percentage of total count
                 A         B        C        D         E       F
            +---------+---------+-------+---------+---------+-------
      Total |   12624 |    1935 |  13.3 |     228 |      55 |  19.4
            +---------+---------+-------+---------+---------+-------
        D:1 |      20 |       0 |   0.0 |      13 |       0 |   0.0
        D:2 |     130 |      86 |  39.8 |      30 |      20 |  40.0
        D:3 |      49 |      23 |  31.9 |      21 |      10 |  32.3
        D:4 |     183 |      35 |  16.1 |      20 |       1 |   4.8
        D:5 |     662 |     172 |  20.6 |      12 |       1 |   7.7
        D:6 |     951 |       0 |   0.0 |      29 |       0 |   0.0
        D:7 |     475 |       0 |   0.0 |      11 |       0 |   0.0
        D:8 |    1520 |     314 |  17.1 |      25 |       2 |   7.4
        D:9 |    4974 |       0 |   0.0 |      46 |       0 |   0.0
       D:10 |    3010 |       0 |   0.0 |      19 |       0 |   0.0
       D:11 |     650 |    1305 |  66.8 |       2 |      21 |  91.3
            +---------+---------+-------+---------+---------+-------
